 Dungeon Crawl Stone Soup version 0.18.1-50-g88ac8fd (webtiles) character file.

21 Peloso the Skirmisher (level 2, -1/27 HPs)
             Began as a Ghoul Fighter on Oct 30, 2016.
             Slain by a goblin
             ... wielding a +0 club
              (2 damage)
             ... on level 1 of the Dungeon.
             The game lasted 00:01:44 (826 turns).

Peloso the Skirmisher (Ghoul Fighter)                Turns: 826, Time: 00:01:45

Health: -1/27      AC:  6    Str: 19    XL:     2   Next: 87%
Magic:  1/1        EV:  7    Int:  3    God:
Gold:   20         SH:  8    Dex:  8    Spells: 0 memorised, 1 level left

rFire  . . .     SeeInvis .     a - +0 long sword
rCold  + . .     Gourm    .     b - +0 scale mail
rNeg   + + +     Faith    .     c - +0 shield
rPois  ∞         Spirit   .     (no helmet)
rElec  .         Dismiss  .     (no cloak)
rCorr  .         Reflect  .     (no gloves)
SustAt .         Harm     .     (no boots)
MR     .....                    (no amulet)
Stlth  ..........               (no ring)
                                (no ring)

@: rotting, not resistant to hostile enchantments, extremely unstealthy
A: rotting body, claws 1, carnivore 3, cold resistance 1, negative energy
resistance 3, slow regeneration 1, torment resistance, unbreathing
a: no special abilities


You were on level 1 of the Dungeon.
You were not hungry.

You visited 1 branch of the dungeon, and saw 2 of its levels.

You collected 20 gold pieces.

Inventory:

Hand Weapons
 a - a +0 long sword (weapon)
 l - a cursed -2 dagger
Armour
 b - a +0 scale mail (worn)
 c - a +0 shield (worn)
Scrolls
 e - a scroll of remove curse {unknown}
 g - a scroll of teleportation {unknown}
Potions
 d - a potion of might
 h - a potion of ambrosia {unknown}
 j - a potion of lignification {unknown}
Comestibles
 f - a meat ration
 i - a slice of pizza
 k - 2 chunks of flesh


   Skills:
 + Level 3.7 Fighting
 + Level 1.8 Long Blades
 + Level 2.8 Armour
 + Level 3.1 Shields


You had one spell level left.
You didn't know any spells.

Dungeon Overview and Level Annotations

Branches:
Dungeon (2/15)

Altars:


Innate Abilities, Weirdness & Mutations

Your body is rotting away.
You thrive on raw meat.
You are immune to poison.
You have sharp fingernails.
You are carnivorous and can eat meat at any time.
Your flesh is cold resistant.
You are immune to negative energy.
You regenerate slowly when monsters are visible.
You are immune to unholy pain and torment.
You can survive without breathing.


Message History

You climb upwards.
There is a stone staircase leading down here.
The giant gecko barely misses you. The adder bites you.
* * * LOW HITPOINT WARNING * * *
The adder bites you but does no damage.
You barely miss the adder.
The adder is heavily wounded.
The adder bites you.
* * * LOW HITPOINT WARNING * * *
The adder bites you but does no damage. The adder barely misses you.
The giant gecko hisses menacingly.
The adder bites you but does no damage.
A goblin comes into view. It is wielding a club.
The goblin shouts!
The adder barely misses you.
You closely miss the goblin. The adder bites you but does no damage.
The goblin hits you with a club.
You die...

### #.......# #. ##### ######.#
#.......# #. ....# #......#
#.......# #. ###.# #.####.#
#.......###. #.# #.# #.#
#.......+.#.
#.#######.####.#####.......#.##
###..........l..l................
....#######.####S#####.......#.##
##..#######.####@#####.#.#####...
.#.>.............g.....#...######
....######.............#.....####
.#..#..................#...#.....
.#..#.###..............#...#..#..
.#..#...#................###...##
....#...#.#......#####...# #...##
........#........# #...# #....#
#.......###......#####...# #....#


You could see an adder, a giant gecko and a goblin.

Vanquished Creatures
  An adder (D:1)
  A giant cockroach (D:1)
  A goblin (D:1)
  2 hobgoblins
  3 bats
  3 kobolds (D:1)
  A rat (D:1)
12 creatures vanquished.

Notes
Turn   | Place    | Note
--------------------------------------------------------------
     0 | D:1      | Peloso the Ghoul Fighter began the quest for the Orb.
     0 | D:1      | Reached XP level 1. HP: 19/19 MP: 0/0
   351 | D:1      | Reached XP level 2. HP: 22/25 MP: 1/1
   760 | D:2      | Found a faded altar to an unknown god.
   814 | D:1      | HP: 1/27 [adder (2)]
   826 | D:1      | Slain by a goblin

Skill      XL: |  1 |
---------------+----+-----
Shields        | 3 |  3.1
Fighting       | |  3.7
Long Blades    | |  1.8
Armour         | |  2.8

Action                   || total
-------------------------++-------
Melee: Long sword        ||    55
  Eat: Chunk             ||     1
Armor: Scale mail        ||    42
Dodge: Dodged            ||    37
Block: Shield            ||    36
